 Dungeon Crawl Stone Soup version 0.22-a0-757-gdba82d8 (webtiles) character file.

201 Amnesiac the Digger (level 5, 20/35 HPs)
             Began as a Demonspawn Earth Elementalist on July 16, 2018.
             Quit the game on level 5 of the Dungeon.
             The game lasted 00:02:44 (862 turns).

Amnesiac the Digger (Demonspawn Earth Elementalist)  Turns: 862, Time: 00:02:45

Health: 20/35      AC:  2    Str:  8    XL:     5   Next: 50%
Magic:  4/10       EV: 12    Int: 17    God:
Gold:   56         SH:  0    Dex: 14    Spells: 7/10 levels left

rFire    . . .     SeeInvis .   f - +0 mace
rCold    + . .     Gourm    .   (no shield)
rNeg     . . .     Faith    .   c - +0 robe
rPois    .         Spirit   .   (no helmet)
rElec    .         Reflect  .   (no cloak)
rCorr    +         Harm     .   (no gloves)
MR       .....                  (no boots)
Stlth    +++.......             (no amulet)
HPRegen  0.11/turn              i - ring of resist corrosion
MPRegen  0.12/turn              (no ring)

@: no status effects
A: claws 1, cold resistance 1, nightstalker 1, freezing cloud immunity
a: no special abilities


You were on level 5 of the Dungeon.
You were not hungry.

You visited 1 branch of the dungeon, and saw 5 of its levels.

You collected 56 gold pieces.

Inventory:

Hand Weapons
 f - a +0 mace (weapon)
Missiles
 b - 49 stones (quivered)
Armour
 c - a +0 robe (worn)
Jewellery
 i - a ring of resist corrosion (left claw)
Scrolls
 e - 2 scrolls of identify {!r, unknown}
 g - a scroll of amnesia {!r, unknown}
Potions
 a - a potion of heal wounds {!q, unknown}
 h - a potion of mutation {!q, unknown}
Comestibles
 d - 2 rations


   Skills:
 - Level 1.7 Dodging
 - Level 2.2 Stealth
 + Level 3.3 Spellcasting
 - Level 0.8 Transmutations
 - Level 4.8 Earth Magic


You had 7 spell levels left.
You knew the following spells:

 Your Spells              Type           Power        Failure   Level  Hunger
a - Sandblast             Erth           ###...       2%          1    None
b - Passwall              Tmut/Erth      ##......     8%          2    ##.....

Your spell library contained the following spells:

 Spells                   Type           Power        Failure   Level  Hunger
 Stone Arrow              Conj/Erth      ##....       19%         3    ###....
 Lee's Rapid Deconstruct  Erth           ###.......   54%         5    ######.
 Petrify                  Tmut/Erth      ##......     45%         4    ####...


Dungeon Overview and Level Annotations

Branches:
Dungeon (5/15)
 Temple: D:4-7

Altars:


Innate Abilities, Weirdness & Mutations

You have sharp fingernails.
Your flesh is cold resistant. (rC+)
You are slightly more attuned to the shadows.
You are immune to freezing clouds.


Message History

Aiming: Sandblast (safe; 3% risk of failure)
Press: ? - help, Shift-Dir - straight line, f/p - Menkaure
Aim: Menkaure (heavily damaged)
The blast of sand hits Menkaure.
Menkaure is heavily damaged.
b - 53 stones Menkaure calls on the powers of darkness!
Your body is wracked with pain!
Unknown command.
Casting: Sandblast (safe; 3% risk of failure)
Confirm with . or Enter, or press ? or * to list all spells.
Aiming: Sandblast (safe; 3% risk of failure)
Press: ? - help, Shift-Dir - straight line, f/p - Menkaure
Aim: Menkaure (heavily damaged)
The blast of sand misses Menkaure.
b - 52 stones Unknown command.
Casting: Sandblast (safe; 3% risk of failure)
Confirm with . or Enter, or press ? or * to list all spells.
Aiming: Sandblast (safe; 3% risk of failure)
Press: ? - help, Shift-Dir - straight line, f/p - Menkaure
Aim: Menkaure (heavily damaged)
The blast of sand hits Menkaure.
Menkaure is almost destroyed.
b - 51 stones Menkaure mumbles some strange words.
Menkaure seems to speed up.
Unknown command.
Casting: Sandblast (safe; 3% risk of failure)
Confirm with . or Enter, or press ? or * to list all spells.
Aiming: Sandblast (safe; 3% risk of failure)
Press: ? - help, Shift-Dir - straight line, f/p - Menkaure
Aim: Menkaure (almost destroyed, fast)
The blast of sand hits Menkaure.
Menkaure is almost destroyed.
b - 50 stones Menkaure casts a spell at you.
Pain shoots through your body!
* * * LOW HITPOINT WARNING * * *
Unknown command.
Casting: Sandblast (safe; 3% risk of failure)
Confirm with . or Enter, or press ? or * to list all spells.
Aiming: Sandblast (safe; 3% risk of failure)
Press: ? - help, Shift-Dir - straight line, f/p - Menkaure
Aim: Menkaure (almost destroyed, fast)
The blast of sand hits Menkaure.
You destroy Menkaure!
Training target 4.0 for Earth Magic reached!
Your Spellcasting skill increases to level 3!
Your Earth Magic skill increases to level 4!
You have reached level 5!
Your demonic ancestry asserts itself...
Your fingernails lengthen.
b - 49 stones You start resting.
A wight comes into view. It is wielding a morningstar.
A wight is nearby!
Found 16 gold pieces.
Found 5 gold pieces.
Found a sedimented cyan potion.
i - a large coral ring Put on which piece of jewellery? (? for menu, Esc to quit)
i - a ring of resist corrosion (left claw) Are you sure you want to abandon this character and quit the game? (Confirm with "yes".)

####..#.#..
#......?..
..#...#.. ...
........### ....
....?.....####$...
......<...........
.................
#...######....##
### #.@.## #!...##
#..#.#. ....$.#.#
.....#..# #....
.## ....


There were no monsters in sight!

Vanquished Creatures
  Menkaure (D:5)
  A howler monkey (D:5)
  A hound (D:3)
  An adder (D:4)
  An adder skeleton (D:4)
  A giant cockroach (D:4)
  2 jackals (D:4)
  A bat (D:3)
  A kobold (D:1)
  A quokka skeleton (D:4)
  A rat (D:1)
12 creatures vanquished.

Notes
Turn   | Place    | Note
-------+----------+-------------------------------------------
     0 | D:1      | Amnesiac the Demonspawn Earth Elementalist began the quest for the Orb.
     0 | D:1      | Reached XP level 1. HP: 13/13 MP: 3/3
   212 | D:3      | Noticed a hound
   215 | D:3      | Killed a hound
   215 | D:3      | Reached skill level 3 in Earth Magic
   215 | D:3      | Gained mutation: You are slightly more attuned to the shadows. [demonic ancestry]
   215 | D:3      | Reached XP level 2. HP: 11/19 MP: 0/5
   215 | D:3      | Gained mutation: Your flesh is cold resistant. (rC+) [demonic ancestry]
   215 | D:3      | Reached XP level 3. HP: 14/24 MP: 0/6
   228 | D:2      | You fall through a shaft!
   312 | D:3      | Learned a level 2 spell: Passwall
   488 | D:4      | Noticed a phantom
   554 | D:5      | Entered Level 5 of the Dungeon
   572 | D:5      | Gained mutation: You are immune to freezing clouds. [demonic ancestry]
   572 | D:5      | Reached XP level 4. HP: 23/30 MP: 0/8
   836 | D:5      | Noticed Menkaure
   843 | D:5      | Killed Menkaure
   843 | D:5      | Reached skill level 4 in Earth Magic
   843 | D:5      | Gained mutation: You have sharp fingernails. [demonic ancestry]
   843 | D:5      | Reached XP level 5. HP: 18/35 MP: 2/10
   862 | D:5      | Quit the game

Vault maps used:
D:1:      lightli_arrival_windingriver
D:2:      nicolae_dithmenos_through_a_glass_darkly
D:3:      first_ration
D:4:      lemuel_upstairs_altar, grunt_temple_overflow_cloverleaf,
          yredelemnul_altar_generic
D:5:      minmay_temple_entry_grid, uniq_menkaure, uniq_crazy_yiuf_cottage

Skill      XL: |  1  2  3  4 |
---------------+-------------+-----
Stealth        | 2 |  2.2
Earth Magic    | 3 4 |  4.8
Spellcasting   | 3 |  3.3
Dodging        | |  1.7
Transmutations | |  0.8

Action                   |  1- 3 |  4- 6 || total
-------------------------+-------+-------++-------
Melee: Unarmed           |     1 |     6 ||     7
       Mace              |       |     5 ||     5
 Cast: Sandblast         |    18 |     7 ||    25
       Passwall          |     3 |       ||     3
Armor: Robe              |     1 |     2 ||     3
Dodge: Dodged            |    10 |     3 ||    13

Table legend:
 A = Spawn XP
 B = Non-spawn XP
 C = Spawn XP percentage of total XP
 D = Spawn monster count
 E = Non-spawn monster count
 F = Spawn count percentage of total count
 G = Total turns spent on level
                    A         B        C        D         E        F      G
               +---------+---------+-------+---------+---------+-------+---------
         Total |       0 |     288 |   0.0 |       0 |      12 |   0.0 |   862
               +---------+---------+-------+---------+---------+-------+---------
           D:1 |       0 |       2 |   0.0 |       0 |       2 |   0.0 |   197
           D:3 |       0 |      41 |   0.0 |       0 |       2 |   0.0 |   138
           D:4 |       0 |      26 |   0.0 |       0 |       6 |   0.0 |   453
           D:5 |       0 |     219 |   0.0 |       0 |       2 |   0.0 |    52
               +---------+---------+-------+---------+---------+-------+---------
